Unix NetHack Version 3.7.0-50 Work-in-progress - last build Feb 18 2022 03:49:16. Game began 2022-02-21 16:57:47, ended 2022-02-21 19:21:32. greg, lawful female human Valkyrie -------------------------------- |..............................| |.-----|----------.{..------|-.. |.|.%%|..|....|..|---.|(%(|..|.| ------ |.-.!%|.#| ...|..| +.|!((|..|.| +>...| |.|----------||..| |.|...|..|.| |....| ..|....|......-|-----.---|---|.| #..^..| |.|..%.|.-|--.............|..|.|## #####|....| |.|._..|.|..|-|-..{.......-..|.|####### ----|- |.|....-.|..|..|..........----.|# # # # |.|-----.|..|..|...............|# ### |.|...|..|------|-...-----|---.|# # |.|...-..| |....|...|..|....|.|# # |.|...|a.+ |....|...|..|....|.|# ---.----- |.-----@.---------...-|-------(|# +...<...| |..............................-## |.......| --------------------------------# |.......| --------- Greg the Fighter St:18/03 Dx:9 Co:18 In:12 Wi:7 Ch:7 Lawful S:2382 Dlvl:6 $:26 HP:0(61) Pw:9(9) AC:0 Xp:6/524 T:2352 Latest messages: You don't have that object. What do you want to wield? [- b or ?*] Never mind. You hit the lizard. The lizard bites! You hit the lizard! You hit the lizard! The lizard turns to flee. You kill the lizard! You see here a lizard corpse. a - a lizard corpse. You hear someone beseeching Odin. This door is locked. This door is locked. This door is locked. You see here a dart. m - a dart. You see here a dart. m - a dart. You see here a dart. m - a dart. You see here 3 darts. m - 3 darts. The soldier ant just misses! The soldier ant stings! The soldier ant bites! The soldier ant stings! You hit the water nymph! The soldier ant bites! The soldier ant misses! The water nymph stole 6 darts. The water nymph vanishes! You hit the soldier ant! The soldier ant bites! The soldier ant misses! The soldier ant misses! The soldier ant stings! You hit the soldier ant! The soldier ant misses! The soldier ant stings! You hit the soldier ant! The soldier ant misses! The soldier ant just misses! The soldier ant bites! The soldier ant misses! You miss the soldier ant. The soldier ant bites! The soldier ant stings! You die... Do you want your possessions identified? [ynq] (y) q Major events: Turn 1: greg the lawful human Valkyrie entered the dungeon 1: hit with a wielded weapon for the first time 1: killed for the first time 314: entered new level 2, The Dungeons of Doom 399: entered new level 1, The Gnomish Mines 399: entered the Gnomish Mines 524: rejected atheism with a prayer 527: gained experience level 2 536: attained the rank of Skirmisher (level 3) 549: ate for the first time - dwarf corpse 549: consumed animal products for the first time, by eating a dwarf corpse 556: gained experience level 4 831: entered new level 2, The Gnomish Mines 961: gained experience level 5 1342: entered new level 3, The Gnomish Mines 1747: attained the rank of Fighter (level 6) 1771: entered new level 4, The Gnomish Mines 1819: reached Mine Town 1890: entered a shop 1996: entered a temple Inventory: Coins $ - 26 gold pieces Weapons b - a blessed +0 dagger (at the ready) Armor j - an uncursed +0 orcish helm (being worn) c - an uncursed +3 small shield (being worn) n - an uncursed +0 dwarvish cloak (being worn) k - a cursed -2 plate mail (being worn) Comestibles p - an uncursed slime mold f - a cursed slime mold r - 2 uncursed candy bars labeled "The Small Bar" e - an uncursed carrot d - 4 uncursed food rations a - an uncursed lizard corpse Scrolls g - an uncursed scroll of enchant weapon A - an uncursed scroll of gold detection l - an uncursed scroll of magic mapping Potions h - an uncursed potion of booze Rings B - a cursed -2 ring of gain constitution Tools u - an uncursed blindfold Gems/Stones x - an uncursed worthless piece of black glass t - 3 uncursed worthless pieces of red glass v - an uncursed worthless piece of violet glass z - an uncursed worthless piece of white glass s - an uncursed worthless piece of yellow glass i - an uncursed worthless piece of yellowish brown glass Greg the Valkyrie's attributes: Background: You were a Fighter, a level 6 human Valkyrie. You were lawful, on a mission for Tyr who was opposed by Odin (neutral) and Loki (chaotic). You were in the Gnomish Mines, on level 6. You entered the dungeon 2352 turns ago. You had 524 experience points, 116 more were needed to attain level 7. Your score was 2382 before end-of-game adjustments. Basics: You had 0 out of 61 hit points. You had all 9 energy points (spell power). Your armor class was 0. Your wallet contained 26 zorkmids. Autopickup was on for '$' plus thrown. Final Characteristics: Your strength was 18/03 (peak:18/04, limit:18/100). Your dexterity was 9 (limit:18). Your constitution was 18 (limit:18). Your intelligence was 12 (limit:18). Your wisdom was 7 (limit:18). Your charisma was 7 (limit:18). Final Status: You were not hungry. You were unencumbered. You were bare handed. You were unskilled in bare handed combat. Final Attributes: You were piously aligned. You were cold resistant. You were telepathic. You were stealthy. You were guarded. You are dead. Miscellaneous: You never encountered a bones level. Total elapsed playing time was 20 minutes and 48 seconds. Vanquished creatures: a small mimic a lizard a bugbear 4 gnome leaders 2 gnomish wizards a giant ant a floating eye a dwarf a rothe a giant bat 2 monkeys a wererat 2 iguanas a hobbit 2 giant rats a yellow mold 32 gnomes 9 garter snakes a gecko 2 goblins 3 grid bugs a bat 2 newts 73 creatures vanquished. No species were genocided or became extinct. Voluntary challenges: You were illiterate. You never engraved Elbereth. You never genocided any monsters. You never polymorphed an object. You never changed form. You used no wishes. Achievements: You entered the Gnomish Mines. You attained the rank of Skirmisher. You attained the rank of Fighter. You entered Minetown. You entered a shop. You entered a temple. The Dungeons of Doom: levels 1 to 2 Level 1: Some fountains. Level 2: Stairs down to The Gnomish Mines. The Gnomish Mines: levels 3 to 6 Level 3: Level 4: Level 5: Level 6: <- You were here. Some shops, a temple, some fountains, a sink. Final resting place for you, killed by a soldier ant. Game over: ---------- / \ / REST \ / IN \ / PEACE \ / \ | greg | | 26 Au | | killed by a | | soldier ant | | | | | | 2022 | *| * * * | * _________)/\\_//(\/(/\)/\//\/|_)_______ Farvel greg the Valkyrie... You died in The Gnomish Mines on dungeon level 6 with 2380 points, and 26 pieces of gold, after 2352 moves. You were level 6 with a maximum of 61 hit points when you died.